 Dungeon Crawl Stone Soup version 0.23.1 (webtiles) character file.

Game seed: 18274413568319878551

172 Honti the Cudgeler (level 5, -3/32 HPs)
             Began as a Gargoyle Fighter on Mar 13, 2019.
             Killed from afar by an orc wizard (6 damage)
             ... with a magic dart
             ... on level 3 of the Dungeon.
             The game lasted 00:02:40 (1214 turns).

Honti the Cudgeler (Gargoyle Fighter)               Turns: 1214, Time: 00:02:40

Health: -3/32      AC: 12    Str: 20    XL:     5   Next: 53%
Magic:  5/5        EV:  7    Int:  9    God:
Gold:   90         SH:  9    Dex:  9    Spells: 4/4 levels left

rFire    . . .     SeeInvis .   a - +0 flail
rCold    . . .     Gourm    .   c - +0 shield
rNeg     + . .     Faith    .   b - +0 scale mail
rPois    ∞         Spirit   .   (no helmet)
rElec    +         Reflect  .   (no cloak)
rCorr    .         Harm     .   h - +0 pair of gloves
MR       .....                  (no boots)
Stlth    ..........             (no amulet)
HPRegen  0.10/turn              (no ring)
MPRegen  0.09/turn              (no ring)

@: no status effects
A: negative energy resistance 1, electricity resistance, unbreathing,
petrification resistance, rot immunity, AC +4
a: no special abilities


You were on level 3 of the Dungeon.
You were hungry.

You visited 1 branch of the dungeon, and saw 3 of its levels.

You collected 90 gold pieces.

Inventory:

Hand Weapons
 a - a +0 flail (weapon)
Armour
 b - a +0 scale mail (worn)
 c - a +0 shield (worn)
 h - a +0 pair of gloves (worn)
Jewellery
 q - an uncursed ring of stealth {unknown}
Wands
 r - a wand of random effects (17)
Scrolls
 e - 2 scrolls of identify {unknown}
 i - 2 scrolls of teleportation {unknown}
 k - 2 scrolls of enchant weapon {unknown}
 l - a scroll of immolation {unknown}
Potions
 d - 4 potions of might
 g - a potion of invisibility {unknown}
 j - a potion of mutation {unknown}
 m - a potion of agility {unknown}
 n - a potion of curing {unknown}
 o - a potion of flight {unknown}
Comestibles
 f - 5 rations
 p - a chunk of flesh


   Skills:
 - Level 3.2 Fighting
 + Level 5.6 Maces & Flails
 - Level 3.2 Armour
 - Level 3.2 Shields


You had 4 spell levels left.
You didn't know any spells.
Your spell library was empty.

Dungeon Overview and Level Annotations

Branches:
Dungeon (3/15)

Altars:


Innate Abilities, Weirdness & Mutations

You are resistant to torment.
Your stone body is resilient. (AC +4)
You are immune to poison.
You resist negative energy. (rN+)
You are resistant to electric shocks. (rElec)
You can survive without breathing.
You are immune to petrification.
You are immune to rotting.


Message History

You closely miss the orc.
You feel less confused. The orc barely misses you. Something hits you.
You sock the orc!
You kill the orc!
Something hits you but does no damage.
You hear some strange, mumbled words.
A puff of flame appears from out of thin air!
The puff of flame hits you.
* * * LOW HITPOINT WARNING * * *
Things that are here:
a +0 mace; a frilled lizard corpse You miss something.
You block something's attack.
You hear some strange, mumbled words.
A magic dart appears from out of thin air!
The magic dart hits you.
* * * LOW HITPOINT WARNING * * *
A magic dart appears from out of thin air!
The magic dart hits you.
You die...

#### ?.. #
#####.# ...
#..@#)##.....
#.†)?........
#...{#......^
#...##.#...###.
.(.... ........
##........######
#$###....# #.
#....# # #.[...


There were no monsters in sight!

Vanquished Creatures
  Natasha (thrice) (D:2)
  A gnoll (D:1)
  3 adders (D:2)
  An ooze (D:2)
  A worm (D:2)
  A leopard gecko (D:2)
  3 orcs (D:3)
  A ball python (D:2)
  A giant cockroach (D:2)
  5 goblins
  10 hobgoblins
  4 jackals (D:1)
  4 bats
  4 frilled lizards
  3 kobolds (D:1)
  7 rats
52 creatures vanquished.

Notes
Turn   | Place    | Note
-------+----------+-------------------------------------------
     0 | D:1      | Honti the Gargoyle Fighter began the quest for the Orb.
     0 | D:1      | Reached XP level 1. HP: 14/14 MP: 1/1
   109 | D:1      | Reached XP level 2. HP: 19/19 MP: 2/2
   114 | D:1      | Reached skill level 3 in Maces & Flails
   196 | D:1      | Reached XP level 3. HP: 23/23 MP: 3/3
   752 | D:2      | Noticed Natasha
   762 | D:2      | Killed Natasha
   762 | D:2      | Reached skill level 4 in Maces & Flails
   762 | D:2      | Reached XP level 4. HP: 26/28 MP: 4/4
   768 | D:2      | Noticed Natasha
   779 | D:2      | Killed Natasha
   885 | D:2      | Reached skill level 5 in Maces & Flails
   885 | D:2      | Reached XP level 5. HP: 26/32 MP: 5/5
  1081 | D:2      | Noticed Natasha
  1085 | D:2      | Killed Natasha
  1214 | D:3      | Killed from afar by an orc wizard

Skill      XL: |  1  2  3  4 |
---------------+-------------+-----
Maces & Flails | 3 4 5 |  5.6
Fighting       | |  3.2
Armour         | |  3.2
Shields        | |  3.2

Action                   |  1- 3 |  4- 6 || total
-------------------------+-------+-------++-------
Melee: Flail             |   114 |   119 ||   233
  Eat: Chunk             |       |     1 ||     1
Armor: Scale mail        |   109 |    64 ||   173
Dodge: Dodged            |    49 |    43 ||    92
Block: Shield            |    74 |    69 ||   143
